 Dungeon Crawl Stone Soup version 0.19.0-20-gbc5f0c6 (webtiles) character file.

252 Gargoyl the Distorting Demonspawn (level 5, -4/42 HPs)
             Began as a Demonspawn Abyssal Knight on Nov 18, 2016.
             Was a Believer of Lugonu.
             Slain by a gnoll
             ... wielding a +2 flail of protection
              (8 damage)
             ... on level 3 of the Dungeon.
             The game lasted 00:06:25 (3573 turns).

Gargoyl the Distorting Demonspawn (DsAK)            Turns: 3573, Time: 00:06:26

Health: -4/42      AC: 10    Str: 13    XL:     5   Next: 89%
Magic:  8/8        EV:  8    Int: 14    God:    Lugonu [**....]
Gold:   80         SH:  7    Dex: 17    Spells: 0 memorised, 4 levels left

rFire  . . .     SeeInvis .     a - +1 hand axe
rCold  . . .     Gourm    .     d - +0 chain mail
rNeg   . . .     Faith    .     h - +0 shield
rPois  .         Spirit   .     (no helmet)
rElec  .         Reflect  .     (no cloak)
rCorr  .         Harm     .     f - +0 pair of gloves
MR     .....                    (no boots)
Stlth  ..........               (no amulet)
                                (no ring)
                                (no ring)

@: agile, flying
A: claws 1, hooves 1
a: Depart the Abyss, Bend Space, Renounce Religion


You were on level 3 of the Dungeon.
You worshipped Lugonu.
Lugonu was pleased with you.
You were not hungry.

You visited 1 branch of the dungeon, and saw 3 of its levels.
You visited the Abyss 1 time.

You collected 80 gold pieces.

Inventory:

Hand Weapons
 a - a +1 hand axe (weapon)
Missiles
 r - 5 tomahawks (quivered)
Armour
 d - a +0 chain mail (worn)
 f - a +0 pair of gloves (worn)
 h - a +0 shield (worn)
Wands
 o - a wand of polymorph (17/24)
 x - a wand of teleportation (6/9)
Scrolls
 e - a scroll of magic mapping {unknown}
 g - a scroll of fog {unknown}
 k - a scroll of fear {unknown}
 m - a scroll of teleportation {unknown}
 p - 2 scrolls of identify {unknown}
 u - 2 scrolls of amnesia {unknown}
Potions
 i - a potion of lignification {unknown}
 j - a potion of invisibility {unknown}
 l - a potion of magic {unknown}
 n - a potion of resistance {unknown}
 t - a potion of might {unknown}
 v - a potion of agility
Comestibles
 c - 3 bread rations
 s - 3 beef jerkies
 w - a meat ration


   Skills:
 + Level 3.7 Fighting
 + Level 3.4 Axes
 * Level 3.3 Armour
 + Level 1.1 Dodging
 + Level 0.6 Shields
 * Level 4.1 Invocations


You had 4 spell levels left.
You didn't know any spells.

Dungeon Overview and Level Annotations

Branches:
Dungeon (3/15)

Altars:
Okawaru


Innate Abilities, Weirdness & Mutations

You have sharp fingernails.
You have large cloven feet.


Message History

Space bends around you!
You blink.
* * * LOW HITPOINT WARNING * * *
Items here: )))) [[[ You see here a scale mail.
There is a stone staircase leading down here.
There is a stone staircase leading up here.
It was a potion of flight.
You feel very buoyant.
You fly up into the air.
The gnoll hits you with a flail of protection.
* * * LOW HITPOINT WARNING * * *
It was a potion of agility.
You feel agile all of a sudden.
The gnoll hits you with a flail of protection.
* * * LOW HITPOINT WARNING * * *
Your chain mail prevents you from hitting the gnoll.
You kick the gnoll, but do no damage.
The gnoll is lightly wounded.
The gnoll hits you with a flail of protection!
You die...

#.##.......# #.###.#.#
#.#####.#### #####.......########
#.......######...(..............#
#########.............[#..#####.#
#.####(.#.........# #.#
#.##...........#..# #.#
#.##.#.###...#.#..#####.#
#.##...###........#......
#......)@g........#)###.#
#####.########.####.##..# #.#
#.....##.##[## #.# #.....##.<....
#.# #.....##.....[ #.#
#.....###.#.## #.# #.....# #.#...
##.## #########.###. #...#
#......##.###.


You could see a gnoll.

Vanquished Creatures
  An orc priest (D:3)
  4 adders
  9 gnolls
  An ooze (D:1)
  A worm (D:3)
  2 leopard geckos (D:1)
  8 orcs (D:3)
  5 goblins
  11 hobgoblins
  17 jackals
  8 kobolds
  A quokka (D:2)
  5 bats
  4 frilled lizards
  7 rats
84 creatures vanquished.

Notes
Turn   | Place    | Note
-------+----------+-------------------------------------------
     0 | Abyss:1  | Gargoyl the Demonspawn Abyssal Knight began the quest for the Orb.
     0 | Abyss:1  | Reached XP level 1. HP: 18/18 MP: 2/2
    74 | Abyss:1  | Noticed an iron dragon skeleton
    77 | Abyss:1  | Noticed a small abomination
    79 | Abyss:1  | Noticed a small abomination
    79 | D:1      | Escaped the Abyss
   248 | D:1      | Gained mutation: You have large cloven feet. [demonic ancestry]
   248 | D:1      | Reached XP level 2. HP: 20/24 MP: 3/3
   472 | D:1      | Reached * piety under Lugonu
   700 | D:1      | Reached XP level 3. HP: 27/29 MP: 5/5
  1506 | D:2      | Found an iron altar of Okawaru.
  1800 | D:2      | Reached skill level 3 in Invocations
  1943 | D:3      | Gained mutation: You have sharp fingernails. [demonic ancestry]
  1943 | D:3      | Reached XP level 4. HP: 35/35 MP: 6/6
  2345 | D:3      | Reached skill level 1 in Dodging
  2491 | D:2      | Reached ** piety under Lugonu
  2644 | D:3      | Reached XP level 5. HP: 38/41 MP: 7/7
  3452 | D:3      | Reached skill level 4 in Invocations
  3573 | D:3      | Slain by a gnoll

Skill      XL: |  1  2  3  4  5 |
---------------+----------------+-----
Axes           | 2 3 |  3.4
Armour         | 2 3 |  3.3
Invocations    | 3 4 |  4.1
Dodging        | 1 |  1.1
Fighting       | |  3.7
Shields        | |  0.6

Action                   |  1- 3 |  4- 6 || total
-------------------------+-------+-------++-------
Melee: Hand axe          |   155 |   208 ||   363
       Kick              |    14 |    42 ||    56
Invok: Depart the Abyss  |     1 |       ||     1
       Bend Space        |       |     1 ||     1
  Use: Potion            |       |     4 ||     4
  Eat: Chunk             |     3 |     6 ||     9
Armor: Chain mail        |   108 |   199 ||   307
Dodge: Dodged            |    41 |    45 ||    86
Block: Shield            |    20 |   118 ||   138
